 Dungeon Crawl Stone Soup version 0.27.1-35-g4d5d836560 (webtiles) character file.

Game seed: 17619642157851644504

3066 Froggeryz the Fighter (level 9, -5/108 HPs)
             Began as an Octopode Berserker on Oct 13, 2022.
             Was a High Priest of Trog.
             Slain by a warg (14 damage)
             ... on level 7 of the Dungeon.
             The game lasted 00:11:43 (8287 turns).

Froggeryz the Fighter (Octopode Berserker)          Turns: 8287, Time: 00:11:43

Health: -5/108     AC:  3    Str: 16    XL:     9   Next: 88%
Magic:  9/9        EV: 14    Int: 10    God:    Trog [*****.]
Gold:   322        SH:  0    Dex: 14    Spells: 8/8 levels left

rFire    . . .     SeeInvis .   g - +9 quick blade
rCold    . . .     Faith    .   (no shield)
rNeg     . . .     Spirit   .   o - +2 hat {Will+}
rPois    .         Reflect  .   (no amulet)
rElec    .         Harm     .   (no ring)
rCorr    .         Rampage  .   (no ring)
Will     +....                  (no ring)
Stlth    ..........             (no ring)
HPRegen  0.28/turn              (no ring)
MPRegen  0.11/turn              (no ring)
                                (no ring)
                                (no ring)

@: berserking, studying Fighting, very quick
A: almost no armour, amphibious, 8 rings, camouflage 1, gelatinous body 1,
(nimble swimmer 1), tentacles
a: Renounce Religion, Berserk, Trog's Hand, Brothers in Arms


You were on level 7 of the Dungeon.
You worshipped Trog.
Trog was extremely pleased with you.
You visited 2 branches of the dungeon, and saw 9 of its levels.
You also visited: Sewer and Ossuary.

You collected 478 gold pieces.
You spent 156 gold pieces at shops.

Inventory:

Hand Weapons
 g - a +9 quick blade (weapon)
Missiles
 m - 18 poisoned darts (quivered)
Armour
 o - a +2 hat of willpower (worn)
 B - a +0 buckler
Jewellery
 c - a ring of ice
 d - a ring of ice
Wands
 k - a wand of charming (10)
 q - a wand of flame (17)
 r - a wand of polymorph (9)
 x - a wand of mindburst (12)
 y - a wand of digging (3)
 C - a wand of iceblast (8)
Scrolls
 f - a scroll of magic mapping
 l - 2 scrolls of holy word
 n - a scroll of fear {unknown}
 p - a scroll of teleportation
 s - a scroll of enchant weapon {unknown}
 t - a scroll of identify
 A - a scroll of brand weapon {unknown}
Potions
 a - 2 potions of haste
 b - 4 potions of brilliance
 e - a potion of resistance {unknown}
 h - 6 potions of attraction {unknown}
 i - 3 potions of curing
 j - a potion of heal wounds
 u - a potion of lignification {unknown}
 v - a potion of magic {unknown}
 w - 2 potions of degeneration {unknown}
 z - 2 potions of mutation {unknown}


   Skills:
 - Level 11.1 Fighting
 - Level 9.0 Short Blades
 - Level 4.2 Maces & Flails
 - Level 4.6 Dodging
 - Level 5.5 Stealth
 + Level 0.0 Shields


You had 8 spell levels left.
You didn't know any spells.
Your spell library was empty.

Dungeon Overview and Level Annotations

Branches:
Dungeon (8/15)             Temple (1/1) D:5            Lair (0/6) D:8
  Sewer (visited)         Ossuary (visited)

Altars:
Cheibriados
Kikubaaqudgha
Okawaru
Ru
Yredelemnul
Zin
The Shining One

Shops:
D:3 (![*   D:4 [   D:7 =


Innate Abilities, Weirdness & Mutations

You cannot wear most types of armour.
You are amphibious.
You can wear up to eight rings at the same time.
Your skin changes colour to match your surroundings (Stealth+).
Your rubbery body absorbs attacks. (AC +1, EV +1)
((You are camouflaged near water. (Stealth+)))
You have tentacles for arms and can constrict up to eight enemies at once.


Message History

The warg is lightly wounded.
The warg bites you!
The orc wizard shouts!
You puncture the warg!
The warg is heavily wounded.
You barely miss the warg. You squeeze the warg!
The warg is severely wounded.
You barely miss the warg.
The warg is severely wounded.
The warg barely misses you.
A sky beast comes into view.
There are monsters nearby!
The orc priest looks braver for a moment.
The orc priest calls down the wrath of Beogh upon you.
Beogh smites you! The warg closely misses you.
The orc priest calls down the wrath of Beogh upon you.
Beogh smites you!
* * * LOW HITPOINT WARNING * * *
The orc wizard gestures wildly while chanting.
The orc wizard flickers and vanishes!
Deactivating autopickup; reactivate with Ctrl-A.
The orc wizard gestures wildly while chanting.
The orc wizard flickers and vanishes!
The warg bites you but does no damage.
There is a stone staircase leading up here.
The warg stops to sniff the ground.
The warg bites you but does no damage.
You climb upwards.
Reactivating autopickup.
There is a stone staircase leading down here.
A red film seems to cover your vision as you go berserk!
You feel yourself moving faster!
You feel mighty! The warg bites you!
* * * LOW HITPOINT WARNING * * *
The orc warrior hits you with a +0 dire flail!
* * * LOW HITPOINT WARNING * * *
You barely miss the orc warrior. Your grab misses the orc warrior.
You hit the orc warrior but do no damage.
Your grab misses the orc warrior. The warg bites you!
You die...

####.#######..#..#..#........
##.........##..#.##..###[....#
##...##.##.......###..##..#.###
###..#..#.#..#.....##...##....#..
.....##.....##........#.###......
##......._..........#.#..##......
#...##.....##......#.#..........
#...#..#.#..#.ho................
#.#...##.##....@................
#.##.[..........................
#.####)....#....................
#...........................>...
####....###.....................
##.....#.....................
#..#......#..........>......
##.##.....#.................
#####......#............#..


You could see a warg and an orc warrior.

Vanquished Creatures
  A vampire (D:5)
  A steam dragon (D:8)
  3 water moccasins
  3 ice beasts
  A sky beast (D:4)
  An ogre (D:7)
  2 necrophages
  A centaur (D:7)
  A kobold brigand (D:6)
  2 elf zombies (Ossuary)
  4 bullfrogs
  A gnoll sergeant (D:8)
  2 wyvern skeletons
  A water moccasin skeleton (D:4)
  3 wights (D:8)
  A bullfrog zombie (D:6)
  2 human zombies (Ossuary)
  3 centaur zombies
  2 gnoll shamans
  A hound (D:5)
  A jelly (D:6)
  An orc priest (D:5)
  A centaur skeleton (D:6)
  Jessica (D:3)
  An iguana (D:5)
  An orc wizard (D:5)
  A killer bee zombie (D:6)
  2 hound zombies (D:5)
  3 hound skeletons (D:5)
  2 mummies (Ossuary)
  A howler monkey zombie (D:5)
  15 gnolls
  9 adders
  3 river rats (D:3)
  An ufetubus (D:6)
  2 adder zombies
  An adder skeleton (D:4)
  3 worms
  2 dart slugs
  4 orcs
  10 ball pythons
  5 endoplasms
  9 giant cockroaches
  7 goblins
  9 hobgoblins
  11 kobolds
  6 quokkas
  3 bats
  9 frilled lizards
  8 hobgoblin zombies (Ossuary)
  3 jackal zombies (Ossuary)
  5 kobold zombies (Ossuary)
  13 orc zombies (Ossuary)
  11 rats
  A rat zombie (Ossuary)
201 creatures vanquished.

Vanquished Creatures (others)
  A plant (D:3)
1 creature vanquished.

Grand Total: 202 creatures vanquished

Notes
Turn   | Place    | Note
-------+----------+-------------------------------------------
     0 | D:1      | Froggeryz the Octopode Berserker began the quest for the
                  | Orb.
     0 | D:1      | Reached XP level 1. HP: 16/16 MP: 1/1
   217 | D:1      | Reached XP level 2. HP: 21/21 MP: 2/2
   385 | D:1      | Found a faded altar of an unknown god.
   821 | D:2      | Reached XP level 3. HP: 25/26 MP: 3/3
   841 | D:2      | Reached ** piety under Trog
  2035 | D:2      | Reached XP level 4. HP: 2/32 MP: 4/4
  2373 | D:3      | Identified 2 scrolls of acquirement
  2373 | D:3      | Acquired a manual of Fighting
  2378 | D:3      | Acquired a +3 quick blade
  2403 | D:3      | Noticed a water moccasin
  2416 | D:3      | Killed a water moccasin
  2417 | D:3      | Reached skill level 4 in Fighting
  2417 | D:3      | Reached XP level 5. HP: 38/38 MP: 5/5
  2435 | D:3      | Found Eckotei's Weapon Shop.
  2522 | D:3      | Reached skill level 5 in Fighting
  2523 | D:3      | Found a glowing drain.
  2579 | Sewer    | Entered a sewer
  2666 | Sewer    | Reached XP level 6. HP: 42/45 MP: 6/6
  3111 | D:3      | Found Jekly's Distillery.
  3112 | D:3      | Found Nionwuad's Antique Armour Boutique.
  3126 | D:3      | Found Veeffe Joame's Assorted Antiques.
  3190 | D:3      | Bought a potion of curing for 39 gold pieces
  3190 | D:3      | Bought a potion of heal wounds for 65 gold pieces
  3394 | D:3      | Bought a scroll labelled GOEZUKHLEOSM for 26 gold pieces
  3394 | D:3      | Bought a scroll labelled JUNEBIGHOW for 26 gold pieces
  3436 | D:3      | Noticed Jessica
  3447 | D:3      | Killed Jessica
  3455 | D:3      | Reached skill level 6 in Fighting
  3455 | D:3      | Reached *** piety under Trog
  3957 | D:4      | Found Guor's Antique Armour Shop.
  4127 | D:4      | Reached XP level 7. HP: 50/52 MP: 7/7
  4190 | D:4      | Found a snail-covered altar of Cheibriados.
  4264 | D:4      | Found an iron altar of Okawaru.
  4556 | D:5      | Entered Level 5 of the Dungeon
  4562 | D:5      | Found a sand-covered staircase.
  4575 | Ossuary  | Entered an ossuary
  4747 | Ossuary  | Reached skill level 5 in Short Blades
  4763 | Ossuary  | Reached **** piety under Trog
  4786 | Ossuary  | Reached skill level 7 in Fighting
  5070 | D:5      | Acquired a +9 quick blade
  5154 | D:5      | Reached XP level 8. HP: 58/60 MP: 8/8
  5154 | D:5      | Found a staircase to the Ecumenical Temple.
  5159 | D:5      | Found a sacrificial altar of Ru.
  5184 | D:5      | Found an ancient bone altar of Kikubaaqudgha.
  5187 | Temple   | Entered the Ecumenical Temple
  5508 | D:5      | Noticed a vampire
  5514 | D:5      | Killed a vampire
  5515 | D:5      | Reached skill level 8 in Fighting
  5569 | D:5      | Acquired a +1 hat of willpower
  6210 | D:6      | Reached ***** piety under Trog
  6211 | D:6      | Reached skill level 9 in Fighting
  6369 | D:6      | Reached XP level 9. HP: 46/69 MP: 9/9
  6572 | D:6      | Found a glowing silver altar of Zin.
  6664 | D:6      | Reached skill level 1 in Stealth
  6771 | D:6      | Reached skill level 10 in Fighting
  6969 | D:7      | Found Husiuvvu's Jewellery Shop.
  7046 | D:7      | Found a basalt altar of Yredelemnul.
  7112 | D:7      | Found a glowing golden altar of the Shining One.
  7784 | D:8      | Reached skill level 5 in Stealth
  7890 | D:8      | Reached skill level 11 in Fighting
  8272 | D:8      | Found a staircase to the Lair.
  8287 | D:7      | Slain by a warg

Illustrated notes

Levels and vault maps discovered:
D:1:      evilmike_arrival_crescent, layout_loops_cross,
          shapermc_ecumenical_altar_hornbeckon
D:2:      layout_basic, minmay_goblin_kobold_house
D:3:      layout_basic, lightli_sewer_entry_pipes, serial_shops, shop_statue,
          nicolae_shop_stone, nicolae_shop_overgrown_old_shop, shop_statue,
          grunt_ministairs_5, minmay_misc_feat_secret_circle, uniq_jessica
D:4:      layout_loops_ring, mainiacjoe_overflow_surrounded_room,
          mainiacjoe_overflow_cross_hatched, serial_shops,
          nicolae_shop_waterfront, bh_walls_and_bars
D:5:      layout_gridville, nicolae_overflow_crystal_walls,
          hangedman_ru_absence, temple_statues, serial_rivers,
          chequers_serial_rivers_marsh, chequers_serial_rivers_marsh,
          chequers_serial_rivers_micro_a, chequers_serial_rivers_small_b,
          chequers_serial_rivers_small_a, chequers_serial_rivers_small_3,
          enter_ossuary_1
D:6:      layout_cave_pools, zin_academy, dk_vineyard_1
D:7:      layout_cave_pools, mainiacjoe_overflow_small_starburst,
          mainiacjoe_overflow_six_doors_small, serial_shops, shop_fountains,
          roderic_lattice_a
D:8:      layout_basic, marbit_many_paths, erik_lair_orcish_takeover
Temple:   oiseaux_autumnal_temple

Skill      XL: |  1  2  3  4  5  6  7  8  9 |
---------------+----------------------------+-----
Maces & Flails | 4 |  4.2
Fighting       | 4 5 6 7 9 11 | 11.1
Short Blades   | 2 3 4 6 8 9 |  9.0
Stealth        | 5 |  5.5
Dodging        | 4 |  4.6

Action                   |  1- 3 |  4- 6 |  7- 9 || total
-------------------------+-------+-------+-------++-------
Melee: Mace              |    59 |       |       ||    59
       Tentacles         |    14 |    26 |    88 ||   128
       Constrict         |    15 |    30 |    71 ||   116
       Quick blade       |       |   120 |   314 ||   434
Invok: Berserk           |       |     1 |     3 ||     4
  Use: Scroll            |       |     9 |     7 ||    16
 Stab: Sleeping          |     8 |    10 |    13 ||    31
       Distracted        |       |     1 |     1 ||     2
Armor: Skin              |     3 |     5 |    20 ||    28
Dodge: Dodged            |    39 |    29 |   114 ||   182
